 Dungeon Crawl Stone Soup version 0.27.1-33-g824d729ab1 (webtiles) character file.

Game seed: 8790655453022449441

8187 DenSaoPin the Grappler (level 11, -1/104 HPs)
             Began as a Troll Berserker on Nov 26, 2021.
             Was a High Priest of Trog.
             Slain by a hornet (9 damage)
             ... on level 9 of the Dungeon.
             The game lasted 00:24:53 (6842 turns).

DenSaoPin the Grappler (Troll Berserker)            Turns: 6842, Time: 00:24:55

Health: -1/104     AC:  8    Str: 27    XL:     11   Next: 6%
Magic:  10/10      EV: 15    Int:  4    God:    Trog [*****.]
Gold:   478        SH: 11    Dex: 11    Spells: 10/10 levels left

rFire    + . .     SeeInvis .     - Unarmed
rCold    . . .     Faith    .   n - +0 kite shield
rNeg     . . .     Spirit   .   a - +0 animal skin
rPois    .         Reflect  .   R - +1 hat
rElec    +         Harm     .   O - +2 cloak
rCorr    .         Rampage  .   (gloves unavailable)
Will     ++...                  (boots unavailable)
Stlth    ++........             r - amulet of regeneration
HPRegen  3.27/turn              s - ring "Kaubauc" {rElec rF+ Stlth+}
MPRegen  0.12/turn              t - +4 ring of evasion

@: lethally poisoned (-1 -> -1), strong-willed, regenerating, slowed, very slow
A: large, unfitting armour, claws 3, regeneration 1, shaggy fur 1, tough skin 1
a: Renounce Religion, Berserk, Trog's Hand, Brothers in Arms


You were on level 9 of the Dungeon.
You worshipped Trog.
Trog was extremely pleased with you.
You visited 1 branch of the dungeon, and saw 9 of its levels.
You also visited: Bailey.

You collected 478 gold pieces.

Inventory:

Hand Weapons
 q - a +0 giant spiked club
 N - a +3 quarterstaff of chaos
Missiles
 F - 2 throwing nets (quivered)
Armour
 a - a +0 animal skin (worn)
 n - a +0 kite shield (worn)
 y - a scarf of harm
 O - a +2 cloak (worn)
 Q - a scarf of invisibility
 R - a +1 hat (worn)
 S - a +1 hat
Jewellery
 b - a ring of fire
 d - a ring of magical power
 r - an amulet of regeneration (around neck)
 s - the ring "Kaubauc" (left claw) {rElec rF+ Stlth+}
   (You found it on level 5 of the Dungeon)

   [ring of protection from fire]

   rF:        It protects you from fire.
   rElec:     It insulates you from electricity.
   Stlth:     It makes you more stealthy.
 t - a +4 ring of evasion (right claw)
 w - a ring of see invisible
 C - the amulet "Xauhan" {RegenMP rElec}
   (You found it on level 7 of the Dungeon)

   [amulet of magic regeneration]

   It increases your rate of magic regeneration.
   rElec:     It insulates you from electricity.
 P - a ring of protection from cold
Wands
 l - a wand of acid (4)
 o - a wand of paralysis (7)
 u - a wand of iceblast (19)
 z - a wand of digging (6)
Scrolls
 f - 4 scrolls of amnesia {unknown}
 g - 8 scrolls of identify {unknown}
 k - a scroll of noise {unknown}
 v - a scroll of blinking {unknown}
 x - 4 scrolls of teleportation {unknown}
 A - 2 scrolls of enchant weapon {unknown}
 D - a scroll of fear {unknown}
 E - 3 scrolls of magic mapping {unknown}
 H - a scroll of enchant armour {unknown}
 K - a scroll of acquirement
 M - a scroll of summoning {unknown}
Potions
 c - a potion of lignification {unknown}
 e - 3 potions of flight {unknown}
 h - 3 potions of heal wounds {unknown}
 i - a potion of invisibility {unknown}
 j - 3 potions of resistance {unknown}
 m - 5 potions of curing
 p - 2 potions of ambrosia {unknown}
 B - a potion of cancellation {unknown}
 G - 2 potions of might {unknown}
 I - 2 potions of haste {unknown}
 L - a potion of experience
 T - a potion of degeneration {unknown}
Miscellaneous
 J - a lightning rod (4/4)


   Skills:
 - Level 5.6 Fighting
 - Level 5.0 Armour
 - Level 5.7 Dodging
 - Level 7.4 Shields
 - Level 10.4 Unarmed Combat
 + Level 0.8 Evocations


You had 10 spell levels left.
You didn't know any spells.
Your spell library was empty.

Dungeon Overview and Level Annotations

Branches:
Dungeon (9/15)             Temple (0/1) D:7          Bailey (visited)
   Lair: D:8-11         Orc: D:9-12

Altars:
Dithmenos
Elyvilon
Sif Muna

Shops:
D:1 *   D:2 :   D:8 (


Innate Abilities, Weirdness & Mutations

You are too large for most types of armour.
You have claws for hands.
Your natural rate of healing is unusually fast.
You are covered in fur. (AC +1)
You have tough skin. (AC +1)


Message History

You feel as though you will be slow longer.
The centaur hits you.
The centaur kicks you but does no damage.
You feel very sick. The hornet stings you!
You feel as though you will be slow longer.
The centaur hits you but does no damage.
The centaur kicks you but does no damage.
The hornet stings you!
You feel as though you will be slow longer.
The centaur hits you but does no damage.
The centaur kicks you.
You can move again.
Your skin crawls.
You feel strong-willed.
You feel very sick.
You block the centaur's attack. x2; The hornet stings you.
* * * LOW HITPOINT WARNING * * *
You shrug off the repeated paralysis!
The centaur hits you.
* * * LOW HITPOINT WARNING * * *
You block the centaur's attack. The hornet completely misses you.
You fail to use your ability.
You feel sick. The centaur hits you.
* * * LOW HITPOINT WARNING * * *
The centaur barely misses you. The hornet closely misses you.
The hornet completely misses you. The centaur hits you.
* * * LOW HITPOINT WARNING * * *
You block the centaur's attack.
A yak comes into view.
You feel sick. You block the centaur's attack. The centaur misses you.
The hornet stings you!
* * * LOW HITPOINT WARNING * * *
You feel as though you will be slow longer.
You feel sick.
The centaur wields a +0 shortbow.
The centaur shoots an arrow.
The arrow hits you!
* * * LOW HITPOINT WARNING * * *
The hornet stings you.
* * * LOW HITPOINT WARNING * * *
You feel as though you will be slow longer.
The hornet stings you!
You die...

#......# #..# #......
#......# +..# #......
#......# #..# #......
##......# #..#####......
#....<..# #.............
#.......# +.............
#.......# #.............
#.......######.....(...)...
#.........@y....Y..........
#.......)).cY..............
#.......)).....###....#####
#..............# #....#
#..............# ###..#
#..............# #..#
####.......##### #..#
#.......# #..# ###.....#
#..#


You could see 2 yaks, a hornet and a centaur.

Vanquished Creatures
  An orc warlord (Bailey)
  Harold (D:7)
  A two-headed ogre (D:5)
  A centaur zombie (D:6)
  2 hornets (D:7)
  A spriggan (D:8)
  Sigmund (D:2)
  9 yaks (D:8)
  A wyvern (D:7)
  2 water moccasins
  8 orc warriors
  An ice beast (D:6)
  A necrophage (D:3)
  A black bear (D:8)
  2 sky beasts
  5 ogres
  A phantom (D:6)
  A kobold brigand (D:7)
  A gnoll sergeant (D:5)
  A bullfrog (D:6)
  A scorpion (D:5)
  A howler monkey (D:5)
  6 wights
  2 jellies (D:6)
  Crazy Yiuf (D:7)
  4 hounds
  2 orc priests
  Jessica (D:2)
  2 orc wizards
  An iguana (D:5)
  12 gnolls
  A howler monkey skeleton (D:6)
  2 howler monkey zombies (D:8)
  10 adders
  3 white imps (D:7)
  An adder skeleton (D:4)
  2 worms
  3 dart slugs (D:1)
  40 orcs
  5 ball pythons
  9 endoplasms
  2 giant cockroaches
  12 goblins
  10 hobgoblins
  7 jackals
  16 kobolds
  3 quokkas (D:1)
  7 bats
  4 rats (D:1)
212 creatures vanquished.

Vanquished Creatures (others)
  A fungus (D:7)
1 creature vanquished.

Grand Total: 213 creatures vanquished

Notes
Turn   | Place    | Note
-------+----------+-------------------------------------------
     0 | D:1      | DenSaoPin the Troll Berserker began the quest for the Orb.
     0 | D:1      | Reached XP level 1. HP: 22/22 MP: 0/0
    39 | D:1      | Found Umpez's Assorted Antiques.
   118 | D:1      | Reached XP level 2. HP: 29/29 MP: 1/1
   388 | D:1      | Reached skill level 4 in Unarmed Combat
   449 | D:1      | Reached XP level 3. HP: 36/36 MP: 2/2
   579 | D:1      | Found a faded altar of an unknown god.
   632 | D:2      | Reached ** piety under Trog
  1017 | D:2      | Reached skill level 5 in Unarmed Combat
  1017 | D:2      | Reached XP level 4. HP: 44/44 MP: 3/3
  1042 | D:2      | Noticed Sigmund
  1096 | D:2      | Killed Sigmund
  1097 | D:2      | Reached skill level 6 in Unarmed Combat
  1097 | D:2      | Reached XP level 5. HP: 31/50 MP: 4/4
  1198 | D:2      | Found Soorafim's Book Shoppe.
  1318 | D:2      | Noticed Jessica
  1324 | D:2      | Killed Jessica
  1478 | D:3      | Noticed a necrophage
  1491 | D:3      | Killed a necrophage
  1492 | D:3      | Reached skill level 7 in Unarmed Combat
  1492 | D:3      | Reached XP level 6. HP: 56/59 MP: 5/5
  2488 | D:4      | Found a shimmering blue altar of Sif Muna.
  2652 | D:4      | Reached skill level 8 in Unarmed Combat
  2652 | D:4      | Reached XP level 7. HP: 66/66 MP: 6/6
  2784 | D:4      | Reached *** piety under Trog
  2995 | D:5      | Entered Level 5 of the Dungeon
  3025 | D:5      | Noticed a two-headed ogre
  3127 | D:5      | Found a white marble altar of Elyvilon.
  3191 | D:5      | Reached skill level 9 in Unarmed Combat
  3310 | D:5      | Reached XP level 8. HP: 54/74 MP: 7/7
  3427 | D:5      | Identified the ring "Kaubauc" {rElec rF+ Stlth+}
  3497 | D:5      | Reached skill level 10 in Unarmed Combat
  3784 | D:5      | Killed a two-headed ogre
  3894 | D:5      | Reached skill level 5 in Shields
  3894 | D:5      | Reached XP level 9. HP: 76/80 MP: 8/8
  4116 | D:6      | Found a shadowy altar of Dithmenos.
  4655 | D:7      | Identified the amulet "Xauhan" {RegenMP rElec}
  4803 | D:7      | Noticed Harold
  4835 | D:7      | Killed Harold
  4836 | D:7      | Reached skill level 5 in Fighting
  4836 | D:7      | Reached XP level 10. HP: 80/96 MP: 9/9
  4842 | D:7      | Found a flagged portal.
  4878 | D:7      | Reached **** piety under Trog
  4976 | Bailey   | Entered a bailey
  5008 | Bailey   | Noticed an orc warlord
  5088 | Bailey   | Found a runed translucent gate.
  5091 | Bailey   | Found a runed translucent gate.
  5111 | Bailey   | Found a runed translucent gate.
  5293 | Bailey   | Killed an orc warlord
  5454 | D:7      | Found a staircase to the Ecumenical Temple.
  5869 | D:7      | Found a runed translucent door.
  5870 | D:7      | Noticed Crazy Yiuf
  5876 | D:7      | Killed Crazy Yiuf
  6051 | D:8      | Reached skill level 5 in Dodging
  6100 | D:8      | Reached XP level 11. HP: 41/104 MP: 10/10
  6140 | D:8      | Reached skill level 5 in Armour
  6256 | D:8      | Reached ***** piety under Trog
  6578 | D:8      | Found Lopu's Weapon Boutique.
  6822 | D:9      | Paralysed by a hornet for 1 turns
  6835 | D:9      | Paralysed by a hornet for 3 turns
  6842 | D:9      | Slain by a hornet

Illustrated notes

Levels and vault maps discovered:
D:1:      scummos_arrival_checkerplants, layout_loops_ring,
          chequers_ecumenical_altar_twisty, serial_shops,
          nicolae_shop_overgrown_old_shop
D:2:      layout_loops_corners, serial_shops, nicolae_shop_behind_doors,
          uniq_sigmund, uniq_jessica
D:3:      layout_basic, dk_noncrumbling_4, serial_bayou_lagoon_a,
          chequers_big_river, dk_vineyard_1, skrybe_limestone_x,
          guppyfry_early_orc_mine
D:4:      layout_rooms, lemuel_blue_sif_altar
D:5:      layout_basic, mainiacjoe_overflow_paths
D:6:      layout_cave_pools, grunt_dithmenos_shadows,
          amcnicky_mini_rare_corridor_liquid
D:7:      layout_loops_ring, temple_hall, enter_bailey_1,
          uniq_crazy_yiuf_cottage, uniq_harold
D:8:      layout_basic, serial_shops, nicolae_stop_n_shop_2, special_room
          [special_room_orc], the_hattery
D:9:      layout_irregular_city, minivault_19, uniq_prince_ribbit1

Skill      XL: |  1  2  3  4  5  6  7  8  9 10 11 |
---------------+----------------------------------+-----
Unarmed Combat | 4 5 6 7 8 9 10 | 10.4
Shields        | 5 7 |  7.4
Fighting       | 5 |  5.6
Armour         | 4 5 |  5.0
Dodging        | 5 |  5.7
Evocations     | |  0.8

Action                   |  1- 3 |  4- 6 |  7- 9 | 10-12 || total
-------------------------+-------+-------+-------+-------++-------
Melee: Unarmed           |    77 |    88 |   198 |   287 ||   650
       Punch             |     1 |       |       |       ||     1
Invok: Trog's Hand       |       |       |       |     1 ||     1
 Stab: Sleeping          |     1 |     1 |     1 |     1 ||     4
       Distracted        |       |       |       |     1 ||     1
Armor: Animal skin       |    28 |    24 |    33 |    78 ||   163
Dodge: Dodged            |    44 |    38 |    48 |   152 ||   282
Block: Kite shield       |       |    22 |    65 |   194 ||   281
